 Dungeon Crawl Stone Soup version 0.27.1-1-g398f81649c (webtiles) character file.

Game seed: 1916924510759047057

2 ZARRMARR the Conjurer (level 1, -1/11 HPs)
             Began as an Octopode Conjurer on Sept 13, 2021.
             Slain by a kobold (3 damage)
             ... on level 1 of the Dungeon.
             The game lasted 00:00:41 (64 turns).

ZARRMARR the Conjurer (Octopode Conjurer)             Turns: 64, Time: 00:00:41

Health: -1/11      AC:  1    Str:  6    XL:     1   Next: 40%
Magic:  0/3        EV: 13    Int: 20    God:
Gold:   11         SH:  0    Dex: 10    Spells: 3/4 levels left

rFire    . . .     SeeInvis .   a - +0 dagger
rCold    . . .     Faith    .   (no shield)
rNeg     . . .     Spirit   .   (helmet restricted)
rPois    .         Reflect  .   (no amulet)
rElec    .         Harm     .   (no ring)
rCorr    .         Rampage  .   (no ring)
Will     .....                  (no ring)
Stlth    +++.......             (no ring)
HPRegen  0.03/turn              (no ring)
MPRegen  0.08/turn              (no ring)
                                (no ring)
                                (no ring)

@: no status effects
A: almost no armour, amphibious, 8 rings, camouflage 1, gelatinous body 1,
(nimble swimmer 1), tentacles
a: no special abilities


You were on level 1 of the Dungeon.
You visited 1 branch of the dungeon, and saw 1 of its levels.

You collected 11 gold pieces.

Inventory:

Hand Weapons
 a - a +0 dagger (weapon)


   Skills:
 + Level 0.0 Fighting
 + Level 0.0 Short Blades
 + Level 2.0 Dodging
 + Level 2.7 Stealth
 - Level 2.0 Spellcasting
 * Level 4.0 Conjurations
 * Level 0.2 Hexes


You had 3 spell levels left.
You knew the following spells:

 Your Spells              Type           Power      Damage    Failure   Level
a - Magic Dart            Conj           72%        1d6       3%          1

Your spell library contained the following spells:

 Spells                   Type           Power      Damage    Failure   Level
 Searing Ray              Conj           36%        3d4       4%          2
 Dazzling Flash           Conj/Hex       20%        N/A       21%         3
 Fulminant Prism          Conj/Hex       5%         3d7       54%         4
 Iskenderun's Mystic Bla  Conj/Tloc      10%        2d4       56%         4


Dungeon Overview and Level Annotations

Branches:
Dungeon (1/15)

Altars:


Innate Abilities, Weirdness & Mutations

You cannot wear most types of armour.
You are amphibious.
You can wear up to eight rings at the same time.
Your skin changes colour to match your surroundings (Stealth+).
Your rubbery body absorbs attacks. (AC +1, EV +1)
((You are camouflaged near water. (Stealth+)))
You have tentacles for arms and can constrict up to eight enemies at once.


Message History

Magic restored.
Found 2 gold pieces.
You now have 11 gold pieces (gained 2).
Things that are here:
a +0 dagger; a goblin corpse
a - a +0 dagger
a - a +0 dagger (weapon)
Setting a skill training target for Short Blades at 10.0.
Found an escape hatch in the floor.
A kobold comes into view. It is wielding a +0 short sword.
There is an escape hatch in the floor here.
The magic dart hits the kobold.
The kobold is moderately wounded.
The kobold shouts!
A quokka comes into view.
The magic dart hits the kobold.
The kobold is severely wounded.
The magic dart hits the kobold.
You kill the kobold!
You are too depleted to draw on your mana recklessly!
You are too depleted to draw on your mana recklessly!
A kobold comes into view. It is wielding a +0 short sword.
The quokka bites you.
You barely miss the quokka.
The kobold shouts!
Your grab misses the quokka. The quokka completely misses you.
You hit the quokka. Your grab misses the quokka.
The quokka is moderately wounded.
The quokka bites you.
You hit the quokka. Your grab misses the quokka.
The quokka is severely wounded.
The quokka bites you.
* * * LOW HITPOINT WARNING * * *
You hit the quokka but do no damage. Your grab misses the quokka.
The quokka is severely wounded.
The quokka closely misses you. The kobold misses you.
You hit the quokka.
You kill the quokka!
The kobold hits you with a +0 short sword.
You die...

..### ......#########
......)†@>#...#
.......K#.#.#.### #
........#.......#.#
......#.#######.#.###.#
......#.#.............#
.......##.####.†#######
........# #. #.....#
#.........#.
#...#.#####
#......##...#......


You could see a kobold.

Vanquished Creatures
  A goblin (D:1)
  A kobold (D:1)
  A quokka (D:1)
3 creatures vanquished.

Notes
Turn   | Place    | Note
-------+----------+-------------------------------------------
     0 | D:1      | ZARRMARR the Octopode Conjurer began the quest for the Orb.
     0 | D:1      | Reached XP level 1. HP: 11/11 MP: 3/3
    64 | D:1      | Slain by a kobold

Illustrated notes

Levels and vault maps discovered:
D:1:      scummos_arrival_star, layout_basic, basic_ecumenical_altar

Action                   || total
-------------------------++-------
Melee: Dagger            ||     5
 Cast: Magic Dart        ||     5
Dodge: Dodged            ||     3
